 Dungeon Crawl Stone Soup version 0.20.0-15-g7f486f2 (webtiles) character file.

357 miragecloak the Insei (level 6, -2/39 HPs)
             Began as an Octopode Transmuter on June 12, 2017.
             Slain by a jackal (3 damage)
             ... on level 4 of the Dungeon.
             The game lasted 00:04:21 (5018 turns).

miragecloak the Insei (Octopode Transmuter)         Turns: 5018, Time: 00:04:22

Health: -2/39      AC:  1    Str: 10    XL:     6   Next: 64%
Magic:  7/9        EV:  7    Int: 15    God:
Gold:   156        SH:  0    Dex: 14    Spells: 5/9 levels left

rFire    . . .     SeeInvis .     - Unarmed
rCold    . . .     Gourm    .   (no shield)
rNeg     . . .     Faith    .   (helmet restricted)
rPois    .         Spirit   .   (no amulet)
rElec    .         Reflect  .   (no ring)
rCorr    .         Harm     .   (no ring)
MR       .....                  (no ring)
Stlth    ++........             (no ring)
Regen    0.2/turn               (no ring)
MPRegen  0.2/turn               (no ring)
                                (no ring)
                                (no ring)

@: held
A: almost no armour, stealthy swim, amphibious, 8 rings, constrict 8, camouflage
1, gelatinous body 1
a: no special abilities


You were on level 4 of the Dungeon.
You were very hungry.

You visited 1 branch of the dungeon, and saw 4 of its levels.

You collected 156 gold pieces.

Inventory:

Missiles
 a - 73 arrows
Jewellery
 h - an uncursed ring of flight {unknown}
 i - an uncursed ring of flight {unknown}
 j - an uncursed ring of ice {unknown}
 k - an uncursed ring of protection from magic {unknown}
 p - a +3 ring of evasion {unknown}
 r - an uncursed ring of protection from magic {unknown}
Scrolls
 e - 3 scrolls of remove curse {unknown}
 f - 4 scrolls of identify {unknown}
 g - 2 scrolls of teleportation {unknown}
 o - a scroll of recharging {unknown}
Potions
 c - a potion of degeneration {unknown}
 l - 2 potions of magic {unknown}
 q - a potion of haste {unknown}
Books
 b - a book of Changes

   Spells                             Type                      Level
   a - Beastly Appendage              Transmutation                1
   b - Sticks to Snakes               Transmutation                2
   c - Spider Form                    Transmutation/Poison         3
   d - Ice Form                       Ice/Transmutation            4
   e - Blade Hands                    Transmutation                5
 n - a book of Minor Magic

   Spells                             Type                      Level
   a - Magic Dart                     Conjuration                  1
   b - Blink                          Translocation                2
   c - Call Imp                       Summoning                    2
   d - Slow                           Hexes                        2
   e - Conjure Flame                  Conjuration/Fire             3
   f - Mephitic Cloud                 Conjuration/Poison/Air       3
Comestibles
 d - 3 royal jellies
 m - a bread ration
 s - 3 chunks of flesh


   Skills:
 - Level 2.0 Fighting
 - Level 2.0 Dodging
 + Level 5.2 Unarmed Combat
 - Level 2.0 Spellcasting
 - Level 4.0 Transmutations
 - Level 3.0 Poison Magic


You had 5 spell levels left.
You knew the following spells:

 Your Spells              Type           Power        Failure   Level  Hunger
a - Beastly Appendage     Tmut           ##....       4%          1    #......
b - Spider Form           Tmut/Pois      ##........   16%         3    ###....


Dungeon Overview and Level Annotations

Branches:
Dungeon (4/15)
 Temple: D:4-7

Altars:

Annotations:
D:3 QuCean's ghost, amateur DrFE


Innate Abilities, Weirdness & Mutations

You cannot wear most types of armour.
You are very stealthy in the water. (Stealth+)
You are amphibious.
You can wear up to eight rings at the same time.
You can use your tentacles to constrict eight enemies at once.
Your skin changes colour to match your surroundings (Stealth+).
Your rubbery body absorbs attacks. (AC +1, EV +1)


Message History

The gnoll closely misses you.
A gnoll comes into view.
The gnoll hits you.
* * * LOW HITPOINT WARNING * * *
The gnoll shouts!
The gnoll shouts!
The gnoll throws a throwing net.
The throwing net barely misses you. The gnoll closely misses you.
The jackal closely misses you.
You see here a throwing net.
The gnoll hits you but does no damage.
There is a stone staircase leading up here.
The gnoll shouts!
The gnoll throws a throwing net.
The throwing net hits you.
You become entangled in the net!
You see here a throwing net.
You struggle against the net.
The jackal barely misses you.
The gnoll hits you from afar with a halberd!
* * * LOW HITPOINT WARNING * * *
The jackal bites you.
You die...

.# #)################.#.# [#
#.#.)).......#.......# .#
#.#.########.#.###.### .# #.#.#
#.#.# #.# (# #.#.# #.#)# #.# ##
#.#.# #.#.# #.# #######.#.#####
#.#.# #.#
####.....g...hg<.####.#)###.###
........)....ggh@......).......
≈≈≈≈≈≈≈≈≈gg..g≈h≈≈≈≈≈≈≈≈≈≈≈≈≈≈≈
≈≈≈≈≈≈≈≈≈....≈≈≈≈≈≈≈≈≈≈≈≈≈≈≈≈≈≈
≈≈≈≈≈≈≈≈≈.g..≈≈≈≈≈≈≈≈≈≈≈≈#####≈
.........................# g.#
#########''g'############# .#
#....# # #....# #....#


You could see 9 gnolls and 3 jackals.

Vanquished Creatures
  A centaur skeleton (D:4)
  A gnoll shaman (D:4)
  A worker ant (D:4)
  Terence (D:2)
  An iguana (D:3)
  9 gnolls (D:4)
  5 adders
  2 worms (D:2)
  3 dart slugs
  7 bats
  A giant cockroach (D:3)
  7 goblins
  5 hobgoblins
  26 jackals
  A quokka (D:3)
  3 ball pythons
  5 frilled lizards
  3 kobolds
  4 rats
86 creatures vanquished.

Notes
Turn   | Place    | Note
-------+----------+-------------------------------------------
     0 | D:1      | miragecloak the Octopode Transmuter began the quest for the Orb.
     0 | D:1      | Reached XP level 1. HP: 13/13 MP: 3/3
   209 | D:1      | Reached XP level 2. HP: 3/18 MP: 5/5
   919 | D:1      | Reached XP level 3. HP: 16/23 MP: 6/6
  1052 | D:1      | Learned a level 3 spell: Spider Form
  1129 | D:1      | Reached skill level 1 in Poison Magic
  1130 | D:1      | HP: 1/23 [jackal (1)]
  2132 | D:2      | Reached XP level 4. HP: 26/28 MP: 0/7
  3377 | D:2      | Noticed Terence
  3383 | D:2      | Killed Terence
  3383 | D:2      | Reached XP level 5. HP: 19/33 MP: 4/8
  3755 | D:3      | Noticed QuCean's ghost (amateur DrFE)
  4088 | D:4      | Reached skill level 4 in Unarmed Combat
  4088 | D:4      | Reached XP level 6. HP: 32/39 MP: 5/9
  4552 | D:4      | Reached skill level 5 in Unarmed Combat
  5018 | D:4      | HP: 1/39 [gnoll/halberd (8)]
  5018 | D:4      | Slain by a jackal

Skill      XL: |  1  2  3  4  5  6 |
---------------+-------------------+-----
Transmutations | 3 4 |  4.0
Poison Magic   | 1 3 |  3.0
Fighting       | 2 |  2.0
Unarmed Combat | 4 5 |  5.2
Dodging        | |  2.0
Spellcasting   | |  2.0

Action                   |  1- 3 |  4- 6 || total
-------------------------+-------+-------++-------
Melee: Unarmed           |   119 |   135 ||   254
       Constrict         |    27 |     6 ||    33
       Tentacles         |    10 |     4 ||    14
       Kick              |    12 |       ||    12
       Punch             |     1 |     1 ||     2
 Cast: Beastly Appendage |    15 |     1 ||    16
       Spider Form       |     7 |    27 ||    34
 Stab: Sleeping          |     4 |     2 ||     6
  Eat: Chunk             |     2 |    11 ||    13
       Bread ration      |     1 |       ||     1
Armor: Skin              |    13 |    14 ||    27
Dodge: Dodged            |   123 |   133 ||   256
